[Event "Reykjavik Open 2024"]
[Site "Reykjavik"]
[Date "2024.03.18"]
[Round "6.7"]
[White "Sanal, Vahap"]
[Black "Jin, Yueheng"]
[Result "1-0"]
[ECO "C00"]
[WhiteElo "2558"]
[BlackElo "2404"]
[Annotator "TA"]
[PlyCount "83"]
[EventDate "2024.03.12"]
[EventCountry "ISL"]
[SourceTitle "playchess.com"]
[Source "ChessBase"]
[SourceQuality "1"]
[TimeControl "40/5400+30:1800+30"]

1. e4 c5 2. Nf3 e6 3. d3 Nc6 4. g3 d5 5. Qe2 Nf6 6. Bg2 Be7 7. O-O O-O 8. e5 Nd7 9. c4 Re8 10. Re1 Nf8 11. h4 a6 12. h5 {[%emt 0:01:43] Die Stellung ist ausgeglichen.} (12. Nc3 {hält die Spannung aufrecht.} b5 13. Ng5 Nd4 14. Qh5) 12... b5 13. h6 g6 14. Nbd2 Bb7 15. Nf1 Qc7 16. N1h2 Red8 17. Ng4 dxc4 18. dxc4 Nd4 19. Nxd4 cxd4 20. Bxb7 Qxb7 21. cxb5 axb5 (21... d3 {ist vielschichtiger.} 22. Qe3 axb5 23. b3 Nd7) 22. Rd1 Ra7 (22... Qc7 $14) 23. Bf4 (23. b3 $16) 23... Rd5 $11 24. Qd2 {[%emt 0:08:25] Und jetzt Bg5 wäre schön.} Nd7 25. Bg5 (25. a3 $11 {sieht stärker aus.}) 25... Bf8 $15 26. Qf4 Qb6 {[%emt 0:00:48] [#]} (26... f5 $15 {behält die Oberhand.} 27. exf6 Rf5) 27. Bf6 (27. Rac1 $1 $16 ) 27... d3 $11 28. Qf3 (28. b3 $1 $11) 28... Qd4 29. Rac1 ({Günstiger ist} 29. Kg2 $15) 29... Ra4 $1 $17 (29... Rxa2 $2 30. Rc8 $18) 30. Ne3 {[%emt 0:00:21] [#]} Rc5 (30... Nxe5 $2 31. Bxe5 Qxe5 (31... Rxe5 $2 32. Rc7 $18) 32. Nxd5 Qxd5 33. Qxd5 (33. Qxd3 Qxd3 34. Rxd3 Bxh6 $18) (33. Rxd3 Qxf3 34. Rxf3 f5 $18) 33... exd5 34. Rxd3 Bxh6 35. Rc8+ Kg7 36. a3 $18 (36. Rxd5 b4 $18)) 31. Rxc5 Nxc5 32. Qc6 Rxa2 (32... Qxb2 $17 {[%cal Oc5e4] Droht stark ...Ne4!} 33. Qe8 Qxa2 (33... Rxa2 34. Ng4)) 33. Qc8 $1 $11 Rxb2 $2 (33... Qxb2 $2 {verliert.} 34. Ng4 $18) (33... Ra7 $11 34. Bg7 Nd7) 34. Be7 $18 Nd7 35. Bd6 $2 $40 {[%emt 0:01:18][%mdl 128] Weiss hat einigen Angriff.} ({Weiss kommt nicht vorbei an} 35. Qd8 $18 {Weiss will mit Bxf8 Matt setzen.} Qa7 36. Bxf8 (36. Rxd3 Rb1+ 37. Kh2 Qb7 $18)) 35... Qa7 $2 (35... Re2 $11 36. Qxd7 Rxe3) 36. Bxf8 Nxf8 37. Ng4 {[%emt 0:00:20] jetzt Nf6+ und aus.} Qe7 38. Nf6+ {[%emt 0:00:05] Weiß setzt Matt.} Kh8 39. Rxd3 Qb4 40. Kg2 Ra2 41. Rd8 Rxf2+ 42. Kh3 {[%emt 0:00:47] Gewichteter Fehlerwert: Weiß=0.47/Schwarz=0.35.  Verlustzug:     	---       	Schwarz=1     Fehler:       	Weiß=5     	Schwarz=3     Ungenau:       	---       	Schwarz=1     OK:         	Weiß=8     	Schwarz=9     Bester:       	Weiß=3     	Schwarz=2     Stark:        	Weiß=1     	Schwarz=1} 1-0

[Event "Reykjavik Open 2024"]
[Site "Reykjavik"]
[Date "2024.03.18"]
[Round "6.8"]
[White "Can, Emre"]
[Black "Tania, Sachdev"]
[Result "1-0"]
[ECO "C78"]
[WhiteElo "2551"]
[BlackElo "2393"]
[Annotator "TA"]
[PlyCount "93"]
[EventDate "2024.03.12"]
[EventCountry "ISL"]
[SourceTitle "playchess.com"]
[Source "ChessBase"]
[SourceQuality "1"]
[TimeControl "40/5400+30:1800+30"]

1. e4 e5 2. Nf3 Nc6 3. Bb5 a6 4. Ba4 Nf6 5. O-O b5 6. Bb3 Bb7 7. Re1 Bc5 8. c3 d6 9. d4 Bb6 10. a4 O-O 11. Bg5 h6 12. Bh4 Qe7 (12... exd4 $11 13. axb5 (13. Nxd4 Nxd4 14. cxd4 g5 $17) (13. cxd4 g5 $11) 13... axb5 14. Rxa8 Bxa8) 13. d5 $14 Na5 {[%emt 0:05:36] [#] Hoping for ...g5.} 14. Bxf6 (14. Ba2 $14) 14... Qxf6 $11 {[%emt 0:00:20] The position is equal.} 15. Ba2 g5 {[%emt 0:22:58] Threatens to win with ...g4.} 16. b4 Nc4 17. Bxc4 bxc4 18. a5 (18. Qe2 $142) 18... Ba7 {[%emt 0:00:52] [#] ...g4 would now be deadly.} 19. Qe2 c6 (19... Qf4 $15 20. Nbd2 (20. Qxc4 $2 g4 $19) 20... f5) 20. dxc6 Bxc6 21. Na3 $36 {[%emt 0:00:46][%cal Of3d2,Bb1a3,Ba3c4,Bc4a5][%mdl 2080] White is more active.} Rac8 22. Nd2 (22. Nxc4 $2 Bb5 23. Nfd2 Qe6 $19) 22... Rfd8 23. Ndxc4 (23. Naxc4 $2 Bb5 24. h3 Qe6 $19) 23... Bxe4 24. Nb6 (24. Qxe4 $5 Bxf2+ 25. Kh1 $15) 24... Bxb6 25. axb6 Bb7 (25... d5 $5) 26. Nc4 d5 (26... Rc6 $11) 27. Na5 {[%emt 0:02:09] White is more active.} (27. Qxe5 Qxe5 28. Nxe5 Rd6 $14) 27... Qxb6 28. Qxe5 ({White should try} 28. Nxb7 $16 Qxb7 29. Rxa6 (29. Qxe5 Qc6 $11)) 28... d4 29. cxd4 Bd5 30. Rab1 Ba2 31. Ra1 Be6 32. Qf6 Kh7 33. Rad1 (33. Nb3 {simplifies} Qxb4 34. Nc5 Qxd4 35. Qxd4 Rxd4 36. Nxe6 Rd6 37. Nxg5+ hxg5 38. Ra5) 33... Rd5 $1 34. h3 Qxb4 $2 {[%emt 0:00:35][%mdl 8192] Black cannot hold the game after this.} (34... Rc7 $11 {and Black is okay.}) 35. Rxe6 $1 $18 fxe6 36. Qf7+ (36. Qxe6 Rdd8 $16 (36... Qa4 $2 37. Qf7+ Kh8 38. Re1 $18)) 36... Kh8 {[%emt 0:00:05][%cal Ob4f8] ...Qf8! is the strong threat.} 37. Qxe6 Rcd8 (37... Qxa5 38. Qxc8+ (38. Qxh6+ Kg8 $18) 38... Qd8 39. Qxa6 Rd6) 38. Qxh6+ Kg8 39. Qg6+ Kh8 40. Nc6 Qd6 41. Qh5+ Kg7 42. Nxd8 Qxd8 43. Qe2 a5 44. Qa6 {[%emt 0:04:28] Strongly threatening Rb1.} Qc7 45. Qe6 Rd7 (45... Qd6 46. Qe4 Qd7) 46. d5 {[%emt 0:00:00] Black must now prevent d6.} Rf7 47. Qe3 {[%emt 0:00:00] Weighted Error Value: White=0.22 (precise) /Black=0.59.  Loses game:     	---       	Black=1      Mistake:       	White=4     	Black=4      Inaccurate:     	White=2     	Black=2      OK:         	White=12    	Black=8      Best:        	White=1     	Black=4      Strong:       	White=1     	Black=1} (47. d6 $142 Qd7 48. Qe5+ Kh6 49. Rd5 (49. Qxa5 Qe6 $18)) 1-0

[Event "Reykjavik Open 2024"]
[Site "Reykjavik"]
[Date "2024.03.18"]
[Round "6.9"]
[White "Wadsworth, Matthew J"]
[Black "Maze, Sebastien"]
[Result "0-1"]
[ECO "E68"]
[WhiteElo "2450"]
[BlackElo "2551"]
[Annotator "TA"]
[PlyCount "110"]
[EventDate "2024.03.12"]
[EventCountry "ISL"]
[SourceTitle "playchess.com"]
[Source "ChessBase"]
[SourceQuality "1"]
[TimeControl "40/5400+30:1800+30"]

1. d4 Nf6 2. c4 g6 3. Nf3 Bg7 4. g3 d6 5. Bg2 O-O 6. Nc3 Nbd7 7. O-O e5 8. e4 Re8 9. Re1 a6 10. b3 Rb8 11. d5 {[%emt 0:03:09] White is slightly better.} a5 12. a3 Ra8 13. Rb1 Nb6 14. Bf1 Bd7 15. h3 Qe7 16. Be3 Rec8 17. Nd2 Qf8 18. b4 axb4 19. axb4 Bh6 20. Qf3 Bxe3 21. Rxe3 Ne8 22. Nb3 Na4 23. c5 Ng7 24. cxd6 cxd6 25. Nxa4 Bxa4 26. Na5 (26. Ra1 $11) 26... f5 27. Bd3 (27. Nxb7 $2 Rcb8 (27... Bc2 28. Rc1 $11) 28. Nxd6 (28. Na5 $2 Rxa5 29. Ra3 Raa8 $19) 28... Qxd6 $19) (27. Ra1 $15 Bc2 28. exf5) 27... Rc7 ({Better is} 27... f4 $17 28. gxf4 exf4) 28. Ree1 (28. g4 $15) 28... Rf7 $17 29. Nc4 fxe4 30. Qxe4 {[%emt 0:00:16] [#]} Bd7 $1 (30... Rxf2 31. Nb6 $11 (31. Nxd6 $2 Ra2 $19) (31. Nxd6 $2 Ra2 $19)) 31. Ra1 (31. Nb6 $2 Bf5 32. Qe2 Bxd3 33. Qxd3 Ra2 $19) 31... Rxa1 (31... Rxf2 $2 32. Rxa8 Qxa8 33. Kxf2 $18) 32. Rxa1 Bf5 (32... Bxh3 33. Nb6 Bf5 (33... Rxf2 $2 34. Ra8 $18) 34. Qe3 $15) (32... Rxf2 $17 {Hoping for ...Bf5.} 33. Nb6 (33. Nxd6 $2 Rb2 $19) 33... Be8 (33... Bxh3 $2 34. Ra8 $18)) 33. Qe3 $1 $11 Bxd3 34. Qxd3 Rxf2 {[%emt 0:00:15] [#] aiming for ...Rf3.} 35. Rf1 {[%emt 0:01:35] Black continues to play with concentration.} ({White must play} 35. Nxd6 $1 $11 Rb2 (35... Rf3 36. Qxf3 Qxf3 37. Ra8+ $11) 36. Ne4 (36. Nxb7 $2 {gets mated.} Qf2+ 37. Kh1 Qh2#) 36... Qxb4 37. d6) 35... Rxf1+ $17 36. Qxf1 {[%emt 0:00:01][%mdl 4096] Endgame. KQN-KQN} Qd8 37. g4 Ne8 38. Qf2 (38. Qe1 {was necessary.}) 38... Qc7 $19 39. Nd2 (39. Qf1 $142) 39... Qc2 40. g5 Qd3 41. h4 Qxd5 42. Qe3 Kf7 43. Ne4 Qd4 44. Qxd4 exd4 {[%emt 0:00:00] KN-KN} 45. Kf2 Ke6 46. Ke2 Kd5 47. Kd3 b5 48. Nf2 (48. Nd2 $142) 48... Ng7 49. Ng4 Nh5 50. Kd2 Kc4 51. Nf6 Ng3 (51... Kxb4 $2 52. Kd3 $19) 52. Nxh7 Nf5 ({Not} 52... Kxb4 53. Nf8 $15) 53. Nf8 Nxh4 {[%emt 0:00:00] Black mates.} 54. Ne6 Nf3+ 55. Ke2 Ne5 {[%emt 0:00:00] Weighted Error Value: White=0.37/Black=0.10 (very precise) .  Mistake:       	White=7     	Black=2      Inaccurate:     	White=4     	Black=3      OK:         	White=9     	Black=19     Best:        	---       	Black=1      Strong:       	White=1     	Black=1} 0-1

[Event "Reykjavik Open 2024"]
[Site "Reykjavik"]
[Date "2024.03.18"]
[Round "6.10"]
[White "Adhiban, B.."]
[Black "Large, Peter G"]
[Result "1-0"]
[ECO "C65"]
[WhiteElo "2541"]
[BlackElo "2262"]
[Annotator "TA"]
[PlyCount "68"]
[EventDate "2024.03.12"]
[EventCountry "ISL"]
[SourceTitle "playchess.com"]
[Source "ChessBase"]
[SourceQuality "1"]
[TimeControl "40/5400+30:1800+30"]

1. e4 e5 2. Nf3 Nc6 3. Bb5 Nf6 4. O-O Bc5 5. Nxe5 Nxe5 6. d4 c6 7. dxe5 Nxe4 8. Bd3 d5 9. exd6 Nf6 10. Bg5 Bxd6 {[%emt 0:14:36] White has an edge.} 11. Nc3 Qc7 (11... Bxh2+ $2 12. Kxh2 O-O 13. Kg1 $18) (11... Be6 $11 {remains equal.}) 12. Bxf6 $16 gxf6 13. Ne4 $1 {[%emt 0:00:25] aiming for Bc4.} Bxh2+ 14. Kh1 {[%emt 0:00:08] f4 is the strong threat.} Be5 {[%emt 0:00:05] [#]} (14... h5 $16) 15. f4 $1 Bxb2 {[%emt 0:05:33][%cal Of6f5] And now ...f5! would win.} (15... Bxf4 $2 16. Nxf6+ Ke7 17. Qh5 $18) (15... f5 16. fxe5) 16. Rb1 f5 17. Ng3 Bf6 18. Bxf5 Bxf5 19. Nxf5 {[%emt 0:00:03] White threatens Re1+ and mate.} Rd8 20. Re1+ ({Better is} 20. Qh5 $16 h6 21. Rbd1 (21. Nxh6 $2 Rd5 $19)) 20... Kf8 $14 21. Qh5 {[%emt 0:00:15][%mdl 1024] White has compensation.} h6 $1 22. Re4 (22. Nxh6 $2 Rd5 (22... Qxf4 23. Qxf7#) 23. f5 Bg7 $19 (23... Kg7 $2 24. Qg4+ Kf8 25. Rb3 $19)) 22... Qd7 23. c4 {[%emt 0:00:52][%cal Oc4c5] White is much more active.} (23. Nxh6 $2 Kg7 $19) 23... b6 24. Rbe1 (24. Nxh6 $2 {perishes.} Bg7 25. Qh3 Rxh6 $19 (25... Qxh3+ $2 26. gxh3 Rxh6 27. Rb3 $19)) (24. Kh2 $5) 24... a6 (24... c5 $5) 25. Kh2 $36 {[%emt 0:06:45][%mdl 2048] White is more active.} (25. Nxh6 $2 Bg7 26. Re7 Rxh6 $19) 25... b5 26. Ne3 (26. Nxh6 $2 {too greedy.} Kg7 $19) 26... Bd4 {[%emt 0:16:41] [#]} 27. Nf5 (27. c5 $1 $16 {Strongly threatening Rd1.} Re8 28. Rxe8+ Qxe8 29. Nc2) 27... Bf6 28. Ne3 (28. Nxh6 $2 {loses.} Kg7 $19) (28. cxb5 $14 cxb5 29. Ng3 (29. Nxh6 $2 Kg7 $19)) 28... Bd4 $1 $18 {[%emt 0:00:06] [#]} 29. c5 $1 {[%emt 0:02:01] Black must now prevent Rd1.} Bxe3 $2 (29... Re8 30. Rxe8+ Qxe8) 30. R1xe3 Qd5 $2 (30... Rh7 31. Qh4 Rg7 32. Qxh6 Kg8) 31. Re5 Qxa2 32. Qh4 {[%emt 0:00:22] White mates.} Kg7 33. Rg3+ Kh7 34. Rh5 Rde8 {[%emt 0:00:00] Weighted Error Value: White=0.16 (very precise) /Black=0.52.  Mistake:       	White=4     	Black=4      Inaccurate:     	White=4     	Black=5      OK:         	White=7     	Black=5      Best:        	White=2     	Black=3      Strong:       	White=2     	Black=2} 1-0

[Event "Reykjavik Open 2024"]
[Site "Reykjavik"]
[Date "2024.03.18"]
[Round "6.11"]
[White "Heimisson, Hilmir Freyr"]
[Black "Yilmazyerli, Mert"]
[Result "1/2-1/2"]
[ECO "E36"]
[WhiteElo "2355"]
[BlackElo "2526"]
[Annotator "TA"]
[PlyCount "22"]
[EventDate "2024.03.12"]
[EventCountry "ISL"]
[SourceTitle "playchess.com"]
[Source "ChessBase"]
[SourceQuality "1"]
[TimeControl "40/5400+30:1800+30"]

1. d4 Nf6 2. c4 e6 3. Nc3 Bb4 4. Qc2 d5 5. a3 Bxc3+ 6. Qxc3 O-O 7. Nf3 dxc4 8. Qxc4 b6 {[%emt 0:00:11] Die Stellung ist ausgeglichen.} 9. Bg5 Ba6 10. Qa4 h6 11. Bh4 c5 {[%emt 0:00:16] Hier war wenig los.   Gewichteter Fehlerwert: Weiß=0.00 (makellos) /Schwarz=0.00 (makellos) .  OK:         	Weiß=1     	Schwarz=3} 1/2-1/2

[Event "Reykjavik Open 2024"]
[Site "Reykjavik"]
[Date "2024.03.18"]
[Round "6.12"]
[White "Manish Anto Cristiano F"]
[Black "Suleymenov, Alisher"]
[Result "0-1"]
[ECO "B96"]
[WhiteElo "2286"]
[BlackElo "2506"]
[Annotator "TA"]
[PlyCount "68"]
[EventDate "2024.03.12"]
[EventCountry "ISL"]
[SourceTitle "playchess.com"]
[Source "ChessBase"]
[SourceQuality "1"]
[TimeControl "40/5400+30:1800+30"]

1. e4 c5 2. Nf3 d6 3. d4 cxd4 4. Nxd4 Nf6 5. Nc3 a6 6. Bg5 e6 7. f4 h6 8. Bh4 Nbd7 9. Qe2 e5 10. fxe5 Nxe5 {[%emt 0:00:07] Weiß steht etwas besser.} 11. O-O-O Be7 12. Kb1 O-O 13. Bg3 (13. Nf3 $14 Ng6 14. Bg3) 13... Qc7 14. Nf5 Bxf5 15. exf5 Rac8 16. Bxe5 (16. Bh4 $11 {hält das Gleichgewicht.}) 16... dxe5 $17 17. g4 Qb6 18. Rd3 Bb4 {[%emt 0:09:37] Schwarz steht aktiver.} (18... e4 $17 19. Nxe4 Nxe4 20. Qxe4 Rfe8) 19. Ne4 Nxe4 20. Qxe4 Bc3 21. b3 Qc5 $40 {[%emt 0:20:18][%mdl 128] ...Rfd8 ist eine echte Drohung. Weiss ist in Schwierigkeiten.} 22. f6 gxf6 (22... Qa3 23. Rxc3 Rxc3 24. fxg7 $15) ({Besser ist} 22... Bd4 $1 $17 23. c4 Qc6 (23... gxf6 24. Rg3 $15) 24. Qxc6 bxc6 (24... Rxc6 25. fxg7 Rd8 26. Bg2 $11)) 23. Rxc3 {[%emt 0:04:33] Der Zug kostet die Partie für Weiß.} Qxc3 $19 24. Bd3 {[%emt 0:00:22][%csl Gd3][%cal Re4h7] [#]} Rfd8 $1 25. Qh7+ Kf8 26. Rf1 {[%emt 0:01:34] Droht Qh8+ und aus.} Ke7 27. Qxh6 {[%emt 0:01:23] [#]} (27. Bg6 {ist eine bessere Verteidigung.} Rf8 28. Be4) 27... Rc6 $1 {[%emt 0:00:26] ...Rxd3 wäre nun fies.} 28. Qh7 a5 {[%emt 0:12:18][%cal Oa5a4] Weiss muss nun ...a4! beachten.} 29. g5 Rxd3 (29... fxg5 $2 30. Qxf7+ (30. Rxf7+ Ke6 $18) 30... Kd6 31. Rd1 $18 (31. Qxb7 Kc5 $18)) 30. cxd3 (30. Qxd3 $19 Qxd3 (30... fxg5 31. Qf5 $11) 31. cxd3 fxg5 32. Rg1) 30... Qc2+ (30... fxg5 31. Rxf7+ (31. Qxf7+ Kd8 $11) 31... Ke6 32. Qf5+ (32. Rxb7 $2 Qc1#) 32... Kd5 33. Rd7+ (33. Qxg5 Qxd3+ 34. Kb2 Qc3+ 35. Ka3 Qc1+ 36. Qxc1 Rxc1 $11) 33... Rd6 34. Qf3+ (34. Rxb7 Qe1+ 35. Kb2 Qd2+ 36. Ka3 Qc1+ 37. Ka4 Qf4+ 38. Qe4+ Qxe4+ 39. dxe4+ Kxe4 $11) (34. Rxd6+ Kxd6 35. Qxg5 Qxd3+ 36. Kc1 Qe4 $11) 34... Kc5 35. Rc7+ (35. Qxb7 $2 Qxd3+ 36. Kb2 Qd4+ 37. Ka3 Rxd7 $19) 35... Rc6 36. Rxb7 $16) 31. Ka1 Qd2 (31... fxg5 $2 {geht unter.} 32. Rxf7+ Ke6 33. Re7+ (33. Rxb7 $2 Qc1#) 33... Kd5 34. Rd7+ (34. Rxb7 $2 Qc1#) 34... Rd6 35. Qf7+ (35. Rxb7 $2 Qc1#) 35... Kc5 36. Rc7+ (36. Rxb7 $2 Qc1#) 36... Rc6 37. Qe7+ (37. Rxb7 $2 Qc1#) 37... Kd4 38. Rd7+ (38. Rxb7 $2 Qc1#) 38... Ke3 39. Qxe5+ (39. Qxg5+ Ke2 $14) 39... Kd2 40. Qxg5+ (40. Qxa5+ Kd1 $19) 40... Kd1 41. Qg4+ (41. Qxa5 $2 Qc1#) 41... Qe2 42. Qxe2+ Kxe2 43. Rxb7 $18) (31... a4 $142 32. gxf6+ Kd6 (32... Rxf6 $2 33. Qh4 $19) 33. Qh6 Qc3+ (33... axb3 34. Qf8+ Kc7 35. Qxf7+ Kb8 36. Qg8+ Ka7 37. Qxb3 $16) 34. Kb1 Qxd3+ 35. Kb2 Qd4+ (35... Qxf1 36. Qf8+ Ke6 37. Qe8+ Kf5 38. Qd7+ Kg5 39. Qd2+ Qf4 40. Qe1 axb3 41. axb3 Qd4+ 42. Kb1 Rc3 43. h4+ Kg6 44. Qxc3 Qxc3 45. Ka2 e4 46. h5+ Kxh5 47. Ka3 b5 48. Ka2 e3 49. Ka3 e2 50. Ka2 e1=Q 51. Ka3 Qea1#) 36. Kb1 a3 (36... Qd3+ 37. Kb2 Rc2+ 38. Ka3 axb3 39. Qf8+ Kc6 40. Qc8+ Kb6 41. Qxc2 bxc2+ 42. Kb2 Qxf1 43. Kxc2 Kc5 44. Kc3 Qf3+ 45. Kc2 Kc4 46. Kb2 Qg2+ 47. Ka3 Qxh2 48. Ka4 Qxa2#) 37. Qf8+ Kc7 38. Qe7+ Kb6 39. Qxa3 Qd3+ 40. Kb2 Qe2+ (40... Qxf1 $2 41. Qb4+ Qb5 42. Qe1 $19) (40... Rc2+ 41. Kb1 Rxh2+ 42. Ka1 Qxf1+ 43. Qc1 Qxc1#) 41. Kb1 Qxf1+ 42. Kb2 Qc1#) 32. gxf6+ Rxf6 33. Qh3 {[%emt 0:01:04] [#]} a4 $1 34. Kb1 (34. Qh4 Qc3+) 34... a3 {[%emt 0:00:32] Gewichteter Fehlerwert: Weiß=0.71/Schwarz=0.55.  Verlustzug:     	Weiß=1     	---        Fehler:       	Weiß=4     	Schwarz=2     Ungenau:       	Weiß=3     	---        OK:         	Weiß=8     	Schwarz=8     Bester:       	---       	Schwarz=1     Stark:        	---       	Schwarz=2} 0-1

[Event "Reykjavik Open 2024"]
[Site "Reykjavik"]
[Date "2024.03.18"]
[Round "6.13"]
[White "Harish, Neeraj"]
[Black "Balakrishnan, Praveen"]
[Result "0-1"]
[ECO "B48"]
[WhiteElo "2090"]
[BlackElo "2490"]
[Annotator "TA"]
[PlyCount "68"]
[EventDate "2024.03.12"]
[EventCountry "ISL"]
[SourceTitle "playchess.com"]
[Source "ChessBase"]
[SourceQuality "1"]
[TimeControl "40/5400+30:1800+30"]

1. e4 c5 2. Nf3 e6 3. d4 cxd4 4. Nxd4 Nc6 5. Nc3 Qc7 6. Be3 a6 7. g4 h6 8. Qd2 Ne5 9. Be2 {[%emt 0:05:52] Die Stellung ist ausgeglichen.} b5 10. O-O-O Nf6 {[%emt 0:04:12][%cal Ob5b4] ...b4! wäre nun fies.} 11. f3 b4 12. Na4 d5 13. Nb3 (13. h4 $5 dxe4 14. Nb6 Qxb6 15. Nc6 Nd3+ (15... Qxc6 16. Qd8#) 16. Bxd3 $11) 13... Bb7 14. Nac5 {[%emt 0:12:02] [#]} (14. exd5 $11 Nxd5 15. Bc5) 14... dxe4 (14... Nc4 $1 $17 15. Bxc4 (15. Qxb4 Nxe3 16. Qxb7 Qxb7 $11) 15... dxc4 16. Qxb4 cxb3 17. Qxb7 Qxb7 18. Nxb7 bxa2) 15. Nxb7 $15 (15. Qxb4 exf3 16. Qxb7 Qxb7 17. Nxb7 fxe2 $17) 15... Qxb7 16. f4 Nf3 {[%emt 0:28:21] Schwarz führt seinen Vorteil zum Gewinn.} 17. Bxf3 (17. Na5 $2 Qc7 18. Bxf3 exf3 $19 (18... Qxa5 $2 19. Bxe4 Nd5 20. Bxd5 $18)) 17... exf3 18. f5 {[%emt 0:07:16] [#]} (18. g5 $17 hxg5 19. fxg5) 18... Be7 $1 $19 (18... Nxg4 19. fxe6 fxe6 20. Qd3 $15) 19. Nc5 (19. fxe6 {ist wohl besser.} O-O (19... fxe6 $2 20. Nd4 $19) 20. exf7+ Rxf7 21. Rhg1) 19... Qc6 20. fxe6 $2 (20. Nd3) 20... Bxc5 {[%emt 0:02:32] Schwarz steht klar auf Gewinn.} 21. g5 (21. Bxc5 $142 Qxc5 22. exf7+ Kxf7 23. Qd4 Qxd4 24. Rxd4) 21... Ne4 22. exf7+ (22. Qd7+ $142 Qxd7 23. exd7+ Kd8 24. Bxc5 Nxc5 25. Rhf1 hxg5 (25... Nxd7 $2 26. Rxf3 Rf8 27. gxh6 $19) 26. Rxf3) 22... Kxf7 23. Qd3 Rhd8 (23... Nxg5 $2 24. Qf5+ Kg8 25. Bxc5 $17) 24. Qb3+ Qe6 25. g6+ Kf6 (25... Kxg6 26. Qxe6+ Kh5 27. Qf7+ (27. Qxe4 Bxe3+ 28. Qxe3 f2 $18) 27... Kh4 28. Qf4+ (28. Qxf3 Bxe3+ 29. Qxe3 Rxd1+ 30. Rxd1 Ng5 $18) 28... Kh5 29. Qxf3+ (29. Qxe4 Bxe3+ 30. Qxe3 f2 $18) 29... Kg6 30. Qxe4+ Kh5 31. Bxc5) 26. Rdf1 (26. Bxc5 $142 Qxb3 (26... Nxc5 $2 27. Qxf3+ Kxg6 28. Rde1 $19) 27. axb3 Rxd1+ (27... Nxc5 $2 28. Rdf1 $19) (27... Kxg6 $2 28. Bd4 $19) 28. Rxd1 Nxc5 29. Rf1) 26... Qxb3 27. Rxf3+ Kxg6 28. axb3 Rf8 29. Rh3 Rae8 30. Bxc5 Nxc5 31. Rg1+ Kh7 {[%emt 0:00:14] Und ...Re2 würde nun gewinnen.} 32. c3 (32. Rhg3 $142 g5 33. R3g2) 32... bxc3 33. Rxc3 Rc8 34. Kb1 Ne4 {[%emt 0:00:06] Gewichteter Fehlerwert: Weiß=0.68/Schwarz=0.64.  Fehler:       	Weiß=8     	Schwarz=1     Ungenau:       	Weiß=2     	Schwarz=1     OK:         	Weiß=7     	Schwarz=10    Bester:       	Weiß=1     	Schwarz=2} 0-1

[Event "Reykjavik Open 2024"]
[Site "Reykjavik"]
[Date "2024.03.18"]
[Round "6.14"]
[White "Sanitt, Ethan"]
[Black "Kjartansson, Gudmundur"]
[Result "0-1"]
[ECO "A25"]
[WhiteElo "1914"]
[BlackElo "2465"]
[Annotator "TA"]
[PlyCount "76"]
[EventDate "2024.03.12"]
[EventCountry "ISL"]
[SourceTitle "playchess.com"]
[Source "ChessBase"]
[SourceQuality "1"]
[TimeControl "40/5400+30:1800+30"]

1. c4 e5 2. g3 Nc6 3. Nc3 Bc5 4. d3 Nge7 5. Nf3 d6 6. Bg2 a6 7. a3 O-O 8. b4 {[%emt 0:00:43] The position is equal.} Ba7 9. O-O Be6 10. e3 Qd7 11. Bb2 f6 12. Rc1 d5 13. c5 Rae8 14. b5 axb5 15. Nxb5 Bb8 16. Ne1 Nd8 17. Qa4 c6 18. Nc3 Nf7 19. f4 (19. Qb4 $142) 19... Bc7 $17 20. e4 Ra8 21. Qc2 exf4 22. gxf4 dxe4 23. dxe4 Bc4 {[%emt 0:00:51] Black is more active.} (23... Rfd8 {simplifies} 24. Rd1 Qe8 25. Rxd8 Rxd8 26. Rf3 Bc4) 24. Rd1 (24. Ne2 $15 Bb5 25. f5) 24... Qe6 $19 25. f5 Qe5 26. Nf3 Qxc5+ 27. Rf2 Rad8 (27... b5 $19 {...Rfd8 is the strong threat.} 28. Kh1 Rfd8) 28. Nd4 $2 Rxd4 {[%emt 0:04:57] Black is clearly winning.} 29. Rxd4 Qxd4 30. Nd5 {[%emt 0:00:14] [#] Inhibits Qe3.} Qxf2+ $3 31. Qxf2 cxd5 32. exd5 Nd6 (32... Bxd5 $2 33. Bxf6 gxf6 34. Bxd5 $19) ({Don't play} 32... Nxd5 33. Bd4 $19) 33. Qc5 Rc8 34. Qe3 Nexf5 ({Inferior is} 34... Nxd5 35. Qe6+ Kh8 36. Bxd5 $11) 35. Qe6+ Kf8 36. Bc3 Re8 37. Qd7 Bb6+ 38. Kh1 Bb5 {[%emt 0:00:05] Weighted Error Value: White=0.64/Black=0.14 (very precise) .  Loses game:     	White=1     	---        Mistake:       	White=2     	Black=1      Inaccurate:     	White=3     	Black=4      OK:         	White=8     	Black=12     Best:        	White=1     	---        Brilliant:      	---       	Black=1} 0-1